 Dungeon Crawl Stone Soup version 0.24.0-1-gfbc8707 (webtiles) character file.

Game seed: 1047622677503049964, levelgen mode: deterministic

81986 Inchmeat the Warrior (level 15, -15/161 HPs)
             Began as a Hill Orc Gladiator on Nov 5, 2019.
             Was the Champion of Zin.
             Killed from afar by a thorn hunter (34 damage)
             ... with a volley of thorns
             ... on level 1 of the Swamp.
             The game lasted 00:54:43 (34281 turns).

Inchmeat the Warrior (Hill Orc Gladiator)          Turns: 34281, Time: 00:54:44

Health: -15/161    AC: 25    Str: 25    XL:     15   Next: 72%
Magic:  16/23      EV: 11    Int: 10    God:    Zin [******]
Gold:   1752       SH: 10    Dex: 12    Spells: 14/14 levels left

rFire    + + .     SeeInvis .   K - +9 war axe
rCold    . . .     Gourm    .   w - +0 buckler
rNeg     . . .     Faith    .   s - +5 fire dragon scales
rPois    +         Spirit   .   c - +0 helmet
rElec    .         Reflect  +   G - scarf {cloud immunity}
rCorr    .         Harm     .   I - +2 pair of gloves {Str+3}
MR       +....                  v - +1 pair of boots {run}
Stlth    ..........             W - +5 amulet of reflection
HPRegen  0.36/turn              b - ring of poison resistance
MPRegen  0.18/turn              (no ring)

@: about to teleport, marked, studying Polearms, quick
A: cold resistance 1, robust 1
a: Recite, Vitalisation, Imprison, Sanctuary, Donate Gold, Renounce Religion


You were on level 1 of the Swamp.
You worshipped Zin.
Zin was exalted by your worship.
You were not hungry.

You visited 5 branches of the dungeon, and saw 24 of its levels.

You collected 2154 gold pieces.
You spent 215 gold pieces at shops.
You donated 187 gold pieces to Zin.

Inventory:

Hand Weapons
 q - the +7 hand crossbow of Arbitration {penet, +Blink rC++ MP-9 Int+2}
   (You found it on level 13 of the Dungeon)

   Ammo fired by it will pass through the targets it hits, potentially hitting
   all targets in its path until it reaches maximum range.
   It affects your intelligence (+2).
   It greatly protects you from cold.
   It affects your magic capacity (-9).
   It lets you blink.
 r - a +2 war axe of flaming
 K - a +9 war axe (weapon)
Missiles
 d - 128 bolts
 g - 7 boomerangs of dispersal
 o - a throwing net (quivered)
 y - 6 curare-tipped darts
Armour
 c - a +0 helmet (worn)
 s - +5 fire dragon scales (worn)
 v - a +1 pair of boots of running (worn)
 w - a +0 buckler (worn)
 G - a scarf of cloud immunity (worn)
 I - a +2 pair of gloves of strength (worn)
Jewellery
 b - a ring of poison resistance (left hand)
 n - an uncursed ring of protection from magic
 L - an uncursed ring of positive energy
 Q - an uncursed ring of ice
 W - a +5 amulet of reflection (around neck)
Wands
 t - a wand of flame (20)
 J - a wand of iceblast (25)
 M - a wand of acid (4)
 N - a wand of disintegration (36)
 R - a wand of digging (3)
Scrolls
 e - 4 scrolls of magic mapping
 h - a scroll of holy word
 i - 13 scrolls of remove curse {@r2}
 j - a scroll of enchant weapon
 p - a scroll of silence
 B - a scroll of teleportation
 E - a scroll of summoning
 H - a scroll of fog
 O - 2 scrolls of identify {@r1}
 S - a scroll of fear
Potions
 a - 2 potions of invisibility
 k - 2 potions of flight
 l - 3 potions of mutation {!q}
 m - 9 potions of curing {@q1}
 u - 4 potions of brilliance
 z - 3 potions of ambrosia
 C - 2 potions of magic
 D - 2 potions of agility
 F - 3 potions of might
 P - a potion of resistance
 T - a potion of haste
 U - a potion of heal wounds
Books
 A - a manual of Polearms
Comestibles
 f - 41 rations
 x - 4 chunks of flesh


   Skills:
 * Level 17.5 Fighting
 - Level 16.3 Axes
 - Level 10.0 Crossbows
 - Level 1.7 Throwing
 - Level 13.6 Armour
 - Level 2.4 Dodging
 - Level 4.0 Shields
 - Level 11.6 Invocations


You had 14 spell levels left.
You didn't know any spells.
Your spell library contained the following spells:

 Spells                   Type           Power        Failure   Level  Hunger
 Animate Skeleton         Necr           N/A          63%         1    ##.....
 Apportation              Tloc           #.....       63%         1    ##.....
 Confusing Touch          Hex            #.....       63%         1    ##.....
 Magic Dart               Conj           #...         63%         1    ##.....
 Summon Small Mammal      Summ           #...         63%         1    ##.....
 Blink                    Tloc           N/A          77%         2    ###....
 Call Imp                 Summ           #.......     77%         2    ###....
 Slow                     Hex            #.......     77%         2    ###....
 Confuse                  Hex            #.......     94%         3    ####...
 Conjure Flame            Conj/Fire      #.......     94%         3    ####...
 Gell's Gravitas          Tloc           #.........   94%         3    ####...
 Mephitic Cloud           Conj/Pois/Air  #.......     94%         3    ####...
 Petrify                  Tmut/Erth      #.......     100%        4    #####..
 Metabolic Englaciation   Hex/Ice        #.........   100%        5    ######.
 Yara's Violent Unravell  Hex/Tmut       #.........   100%        5    ######.


Dungeon Overview and Level Annotations

Branches:
Dungeon (14/15)            Temple (1/1) D:4            Lair (6/6) D:10
  Swamp (1/4) Lair:3        Snake (0/4) Lair:3        Slime (0/5) Lair:5
    Orc (2/2) D:12            Elf (0/3) Orc:2
 Vaults: D:13-14

Altars:
Ashenzari
Cheibriados
Dithmenos
Elyvilon
Fedhas
Gozag
Hepliaklqana
Kikubaaqudgha
Makhleb
Nemelex Xobeh
Okawaru
Qazlal
Ru
Sif Muna
Trog
Uskayaw
Vehumet
Wu Jian
Xom
Yredelemnul
Zin
The Shining One
Beogh

Shops:
D:8 [   D:12 *   D:13 }   Orc:2 [=}[

Annotations:
D:14 2 transporters, Axipewex's ghost, journeyman OgTm
Lair:4 1 runed translucent door, Morgon's ghost, journeyman TeBe


Innate Abilities, Weirdness & Mutations

Your flesh is cold resistant. (rC+)
You are robust. (+10% HP)


Message History

As ye read tha scroll o' teleportation, it crumbles ta dust.
Ye feel strangely unst'ble.
Ye block tha spriggan rider's attack.
A spriggan rider comes inta view.
It be wieldin' a +0 spear.
Tha thorn hunter closely misses ye.
Ye block tha thorn hunter's attack.
A bog body comes inta view.
Tha alligator closely misses ye.
Tha alligator tail-slaps ye but does nay damage.
Tha thorn hunter fires a volley o' thorns at ye.
Tha volley o' thorns hits ye!!!
* * * LOW HITPOINT WARNIN'
* * * Tha alligator puts on a burst o' speed!
Found a pair o' gloves.
Tha briar patch crumbles away. x2
Tha thorn hunter fires a volley o' thorns at ye.
Tha volley o' thorns hits ye!
* * * LOW HITPOINT WARNIN'
* * * Ye see 'ere 4 bolts.
Tha thorn hunter fires a volley o' thorns at ye.
Tha volley o' thorns hits ye!!
Ye die...

.........≈≈
..≈.§....≈
≈.≈≈≈≈.≈. ♣.≈≈≈.≈.
.≈ ♣.≈≈.P §♣...≈≈.♣
♣..≈P♣
.♣...≈≈≈≈♣♣♣.≈..♣
♣.(≈≈≈≈≈.♣♣≈≈≈≈@♣
♣.≈≈≈≈≈≈.≈♣.≈≈≈(♣
≈≈(....♣P...t.♣ ♣
.....♣♣.i.♣.≈♣
♣≈≈♣♣..♣♣♣♣f(♣..♣
♣.≈≈..≈♣.Dyw.♣..♣
♣........DD♣..♣..♣
≈.≈≈..≈≈.n....♣♣.♣
#♣.≈≈......P.♣t(♣.[


You could see a thorn hunter, an alligator, a seven-headed hydra, a tyrant
leech, a spriggan rider, a bog body and a hornet.

Vanquished Creatures
  An acid blob (Lair:6)
  The ghost of XxsatanxX the Bludgeoner, a journeyman MiBe of Trog (D:13)
  A fire dragon (Lair:6)
  A death ooze (Lair:6)
  Erolcha (D:11)
  An ice dragon (Lair:6)
  Fannar (Lair:3)
  A catoblepas (Lair:4)
  9 hydras
  2 centaur warriors
  4 two-headed ogres
  9 death yaks
  3 orc high priests (Orc:2)
  Urug (D:10)
  2 tengu warriors (D:13)
  A swamp dragon (Lair:6)
  2 lindwurms (Lair:6)
  5 orc knights
  2 cyclopes
  4 oklob plants (Lair:6)
  4 orc sorcerers (Orc:2)
  A manticore (D:10)
  4 ugly things
  9 elephants
  5 torpor snails (Lair:6)
  5 black mambas
  A gargoyle (D:10)
  3 centaur skeletons
  2 rime drakes (Lair:6)
  12 spiny frogs
  5 kobold demonologists (D:13)
  5 komodo dragons
  A queen bee (D:13)
  A tengu conjurer (D:12)
  6 trolls
  2 meliai
  5 tyrant leeches
  7 hornets
  A hornet (shapeshifter) (D:13)
  2 bog bodies (Swamp:1)
  12 blink frogs
  7 hippogriffs
  2 slime creatures (Lair:6)
  7 dream sheep
  Sigmund (D:4)
  A shadow (D:13)
  Eustachio (D:3)
  3 wraiths
  5 basilisks
  A hungry ghost (D:9)
  26 yaks
  10 vampire mosquitoes
  A steam dragon (Lair:6)
  Menkaure (D:5)
  Edmund (D:4)
  A soldier ant (D:13)
  2 swamp worms (Swamp:1)
  3 wargs (Orc:2)
  An acid dragon (Lair:6)
  3 nagas (Lair:3)
  7 porcupines
  Duvessa (D:5)
  3 ice beasts
  3 swamp drakes
  12 water moccasins
  10 orc warriors
  5 phantoms
  A sky beast (D:7)
  12 ogres
  3 black bears
  7 wolves (Lair:3)
  6 centaurs
  17 crocodiles
  Blork the orc (D:4)
  12 bullfrogs
  2 gnoll sergeants
  8 big kobolds
  A wyvern skeleton (D:13)
  5 scorpions
  Dowan (D:5)
  33 killer bees
  12 wights
  2 electric eels
  2 howler monkeys
  3 centaur zombies
  7 crimson imps
  A quasit (D:8)
  9 hounds
  7 jellies
  3 bullfrog skeletons
  9 orc priests
  5 iguanas
  14 orc wizards
  11 worker ants
  10 hell rats
  3 hound skeletons
  A hound zombie (D:8)
  2 howler monkey zombies
  A worker ant zombie (D:5)
  15 gnolls
  2 howler monkey skeletons
  16 adders
  14 river rats
  7 oozes
  2 adder skeletons
  4 worms
  2 dart slugs
  4 leopard geckos
  41 orcs
  8 bats
  2 giant cockroaches
  4 hobgoblins
  5 jackals
  9 quokkas
  A ball python (D:1)
  3 frilled lizards
  8 goblins
  3 jackal skeletons
  10 kobolds
  A quokka skeleton (D:7)
  28 rats
  4 briar patches (Swamp:1)
  2 fungi
  5 plants
674 creatures vanquished.

Vanquished Creatures (others)
  A blink frog (Lair:5)
  An orc wizard (Orc:2)
  A gnoll (D:5)
  2 orcs (D:10)
  A briar patch (Swamp:1)
  8 fungi
  31 plants
45 creatures vanquished.

Grand Total: 719 creatures vanquished

Notes
Turn   | Place    | Note
-------+----------+-------------------------------------------
     0 | D:1      | Inchmeat the Hill Orc Gladiator began the quest for the
                  | Orb.
     0 | D:1      | Reached XP level 1. HP: 18/18 MP: 1/1
   125 | D:1      | Reached XP level 2. HP: 17/25 MP: 2/2
   421 | D:1      | Reached skill level 5 in Axes
   811 | D:2      | Reached XP level 3. HP: 22/30 MP: 3/3
  1486 | D:3      | Reached XP level 4. HP: 23/37 MP: 4/4
  1847 | D:3      | Gained mutation: Your flesh is cold resistant. (rC+)
                  | [potion of mutation]
  1847 | D:3      | Gained mutation: You are robust. (+10% HP) [potion of
                  | mutation]
  2642 | D:3      | Reached XP level 5. HP: 45/46 MP: 5/5
  3291 | D:4      | Noticed Edmund
  3324 | D:4      | Killed Edmund
  3324 | D:4      | Reached XP level 6. HP: 39/55 MP: 6/6
  3424 | D:4      | Noticed Eustachio
  3957 | D:3      | Killed Eustachio
  3957 | D:3      | Reached skill level 10 in Axes
  3957 | D:3      | Reached XP level 7. HP: 61/61 MP: 7/7
  4160 | D:3      | Reached skill level 14 in Fighting
  4160 | D:3      | Reached XP level 8. HP: 99/99 MP: 8/8
  4207 | D:4      | Noticed Sigmund
  4216 | D:4      | Killed Sigmund
  4340 | D:4      | Found a staircase to the Ecumenical Temple.
  4341 | D:4      | Noticed Blork the orc
  4357 | D:4      | Killed Blork the orc
  4398 | Temple   | Entered the Ecumenical Temple
  4675 | Temple   | Became a worshipper of Zin the Law-Giver
  4675 | Temple   | Reached * piety under Zin
  5046 | D:5      | Entered Level 5 of the Dungeon
  5048 | D:5      | Noticed Dowan
  5054 | D:5      | Noticed Duvessa
  5061 | D:5      | Killed Dowan
  5072 | D:5      | Killed Duvessa
  5405 | D:5      | Reached XP level 9. HP: 94/105 MP: 9/9
  6043 | D:5      | Found a glowing golden altar of the Shining One.
  6190 | D:5      | Noticed Menkaure
  6194 | D:5      | Killed Menkaure
  6425 | D:5      | Reached ** piety under Zin
  6499 | D:5      | Found a basalt altar of Yredelemnul.
  6499 | D:5      | Found a shimmering blue altar of Sif Muna.
  6936 | D:6      | Found a shadowy altar of Dithmenos.
  7451 | D:6      | Found a glowing silver altar of Zin.
  7630 | D:7      | Reached skill level 1 in Invocations
  7765 | D:7      | Reached XP level 10. HP: 98/114 MP: 12/12
  7961 | D:7      | Reached *** piety under Zin
  7983 | D:7      | Found a burning altar of Makhleb.
  8062 | D:7      | Found a bloodstained altar of Trog.
  8204 | D:7      | Found a shimmering altar of Xom.
  8204 | D:7      | Found a sparkling altar of Nemelex Xobeh.
  8205 | D:7      | Found a white marble altar of Elyvilon.
  8423 | D:8      | Found an ancient bone altar of Kikubaaqudgha.
  8458 | D:8      | Found Xuosux's Armour Shop.
  8540 | D:8      | Reached skill level 5 in Invocations
  8766 | D:8      | Bought a +2 pair of gloves of strength for 215 gold pieces
  8794 | D:8      | Reached **** piety under Zin
  8945 | D:9      | Found a blossoming altar of Fedhas.
  9025 | D:9      | Found a radiant altar of Vehumet.
  9361 | D:9      | Found a shattered altar of Ashenzari.
  9419 | D:9      | Reached ***** piety under Zin
  9793 | D:10     | Entered Level 10 of the Dungeon
  9884 | D:10     | Noticed a two-headed ogre
  9884 | D:10     | Noticed a manticore
  9959 | D:11     | Noticed Erolcha
  9964 | D:11     | Noticed an eight-headed hydra
  9977 | D:11     | Noticed a cyclops
 10443 | D:12     | Found a staircase to the Orcish Mines.
 10447 | D:12     | Noticed a red ugly thing
 10466 | D:12     | Killed a red ugly thing
 10875 | D:12     | Found Yhahach's Assorted Antiques.
 10889 | D:12     | Reached XP level 11. HP: 118/122 MP: 16/16
 12167 | D:11     | Reached skill level 15 in Axes
 12472 | D:11     | Killed Erolcha
 12679 | D:10     | Reached skill level 10 in Invocations
 12924 | D:10     | Noticed a two-headed ogre
 12931 | D:10     | Killed a manticore
 12944 | D:10     | Killed a two-headed ogre
 13031 | D:10     | Noticed Urug
 13053 | D:10     | Found a staircase to the Lair.
 13102 | D:10     | Killed Urug
 13404 | D:10     | Reached XP level 12. HP: 129/129 MP: 20/20
 13522 | D:10     | Killed a two-headed ogre
 14021 | D:11     | Killed an eight-headed hydra
 14179 | D:11     | Noticed a two-headed ogre
 14185 | D:11     | Killed a two-headed ogre
 15045 | D:13     | Found an opulent altar of Gozag.
 15054 | D:13     | Found Elodwumn's Gadget Boutique.
 15070 | D:13     | Noticed a four-headed hydra
 15082 | D:13     | Killed a four-headed hydra
 15082 | D:13     | Reached skill level 5 in Armour
 15253 | D:13     | Identified a +1 pair of boots of running (You found it on
                  | level 13 of the Dungeon)
 15308 | D:13     | Noticed a two-headed ogre
 15323 | D:13     | Killed a two-headed ogre
 15597 | D:13     | Paralysed by a hornet for 3 turns
 15929 | D:13     | Noticed a centaur warrior
 15946 | D:13     | Reached ****** piety under Zin
 15952 | D:13     | Killed a centaur warrior
 16177 | D:13     | Reached XP level 13. HP: 76/137 MP: 19/21
 16661 | D:13     | Reached skill level 10 in Armour
 17576 | D:13     | Found a runed translucent gate.
 17576 | D:13     | Found a runed translucent gate.
 17576 | D:13     | Found a runed translucent gate.
 17577 | D:13     | Identified the +4 dagger of Revolt {chaos, rN+}
 17577 | D:13     | Noticed XxsatanxX's ghost (journeyman MiBe)
 17577 | D:13     | Identified the +8 whip of Purpose {elec, rPois Int+5}
 17637 | D:13     | Killed XxsatanxX's ghost
 17998 | D:13     | Got a steaming hand crossbow
 18000 | D:13     | Identified the +7 hand crossbow of Arbitration {penet,
                  | +Blink rC++ MP-9 Int+2} (You found it on level 13 of the
                  | Dungeon)
 18400 | D:14     | Noticed a storm dragon
 18404 | D:14     | Noticed Axipewex's ghost (journeyman OgTm)
 18468 | D:14     | Reached skill level 1 in Shields
 18742 | D:14     | Found a transporter.
 18746 | D:14     | Found a transporter.
 18915 | D:14     | Noticed a vault guard
 18999 | Orc:1    | Entered Level 1 of the Orcish Mines
 19099 | Orc:2    | Entered Level 2 of the Orcish Mines
 19317 | Orc:2    | Found a roughly hewn altar of Beogh.
 19327 | Orc:2    | Found a staircase to the Elven Halls.
 19660 | Orc:2    | Found Leobbiarph's Antique Armour Emporium.
 20818 | Orc:2    | Found Saexaon's Jewellery Emporium.
 20819 | Orc:2    | Found Tuwor's Armour Boutique.
 20830 | Orc:2    | Found Gepnaef Iwin's Gadget Boutique.
 21774 | Lair:1   | Entered Level 1 of the Lair of Beasts
 23289 | Lair:1   | Reached XP level 14. HP: 146/146 MP: 13/22
 23740 | Lair:2   | Reached skill level 1 in Crossbows
 24813 | Lair:3   | Found a staircase to the Snake Pit.
 25150 | Lair:3   | Reached skill level 5 in Crossbows
 26060 | Lair:3   | Found a staircase to the Swamp.
 26435 | Lair:3   | Noticed Fannar
 26453 | Lair:3   | Killed Fannar
 26566 | Lair:4   | Found a gate leading to a gauntlet.
 26574 | Lair:4   | Found a runed translucent door.
 26574 | Lair:4   | Noticed Morgon's ghost (journeyman TeBe)
 27803 | Lair:5   | Found a staircase to the Slime Pits.
 29076 | Lair:6   | Entered Level 6 of the Lair of Beasts
 29314 | Lair:6   | Reached skill level 10 in Crossbows
 29322 | Lair:6   | Reached XP level 15. HP: 17/152 MP: 14/23
 29810 | Lair:6   | Noticed an acid blob
 30630 | Lair:6   | Killed an acid blob
 30630 | Lair:6   | Reached skill level 15 in Fighting
 31436 | Lair:6   | Reached skill level 16 in Fighting
 31901 | Lair:6   | Paralysed by a hornet for 3 turns
 32029 | Lair:6   | Found a runed translucent door.
 32950 | Lair:6   | Reached skill level 17 in Fighting
 33749 | Swamp:1  | Entered Level 1 of the Swamp
 34262 | Swamp:1  | Noticed a thorn hunter
 34281 | Swamp:1  | Killed from afar by a thorn hunter

Levels and vault maps discovered:
D:1:      lightli_arrival_statue_moat, layout_basic, minmay_pentomino_w2
D:2:      layout_loops_ring, minmay_3d_cube
D:3:      layout_loops_ring, guppyfry_early_lair_pool
D:4:      layout_loops_ring, minmay_temple_entry_slanted, uniq_sigmund,
          uniq_eustachio, uniq_edmund, uniq_blork_the_orc
D:5:      layout_layer_cave, gammafunk_temple_overflow_statue, serial_rivers,
          chequers_serial_rivers_room_b, chequers_serial_rivers_small_a,
          chequers_serial_rivers_room_b, chequers_serial_rivers_large_b,
          first_ration, chequers_serial_rivers_large_a,
          hangedman_abyss_or_decor_stabs, eino_tiny_chamber, tso_metal_star,
          uniq_menkaure, uniq_duvessa
D:6:      layout_rooms, nicolae_dithmenos_through_a_glass_darkly,
          minmay_ruined_shrine
D:7:      layout_cave_pools, nicolae_overflow_hidden_temple,
          gammafunk_temple_overflow_forgotten, trog_ov_bears_minmay
D:8:      layout_cave_pools, kiku_gazebo_pond_becter, serial_shops, shop
D:9:      layout_basic, fedhas_ov_isle_minmay, cheibrodos_ashenzari_chains,
          vehumet_crystals
D:10:     layout_loops_ring, lair_entry_dummy, hangedman_decor_riveting,
          minmay_quadrilaterals, uniq_urug
D:11:     layout_cross, grunt_ogre_cave, uniq_erolcha
D:12:     layout_basic, orc_0_dummy, serial_shops, nicolae_shop_waterfront
D:13:     layout_roguey [special_room_bee], serial_shops, shop,
          gammafunk_ghost_nasty_kobolds, grunt_gozag_statues
D:14:     layout_stronghold, grunt_vaults_entry_fortified, grunt_decor_cap,
          gammafunk_ghost_arena
Temple:   dpeg_chambers_temple
Lair:1:   layout_cave_pods, minivault_26, infiniplex_staircase_pool,
          serial_bayou_shore_a, serial_bayou_shore_b
Lair:2:   layout_cave_pods, grunt_megastairs_1, lemuel_fruit_tree
Lair:3:   lemuel_ratsnest, layout_regular_city, minmay_swamp_entry_swarm,
          minmay_snake_entry_guardpost_small, uniq_fannar
Lair:4:   layout_loops_ring, hellmonk_ghost_happy_afterlife,
          gauntlet_entry_generic, cheibrodos_lair_caveside_slide,
          kennysheep_abandoned_house
Lair:5:   layout_cave_pods, nicolae_slime_entry_slimehenge, st_stairs_10
Lair:6:   guppyfry_lair_end_dragon, layout_cave_pods, wormcave, special_room
          [special_room_jelly], minmay_lair_oklob_chamber
Swamp:1:  layout_basic_swamp, hangedman_swamp_cone, grunt_witch_cave
Orc:1:    layout_caves
Orc:2:    st_orc_elflike, layout_diamond_mine, basic_altar, special_room

Skill      XL: |  1  2  3  4  5  6  7  8  9 10 11 12 13 14 15 |
---------------+----------------------------------------------+-----
Axes           | 5 6 7 9 10 11 13 14 16 | 16.3
Fighting       | 14 17 | 17.5
Invocations    | 3 7 11 | 11.6
Armour         | 9 13 | 13.6
Shields        | 4 |  4.0
Crossbows      | 10 | 10.0
Throwing       | |  1.7
Dodging        | |  2.4

Action                   |  1- 3 |  4- 6 |  7- 9 | 10-12 | 13-15 || total
-------------------------+-------+-------+-------+-------+-------++-------
Melee: War axe           |    91 |   131 |   277 |   589 |  1142 ||  2230
       Unarmed           |       |       |       |     3 |       ||     3
 Fire: Hand crossbow     |       |       |       |       |   200 ||   200
Throw: Throwing net      |       |     4 |       |     1 |     1 ||     6
       Javelin           |       |     3 |       |       |       ||     3
Invok: Recite            |       |       |       |     2 |     2 ||     4
       Vitalisation      |       |       |       |     1 |     3 ||     4
Evoke: Wand              |       |       |       |    18 |     1 ||    19
  Use: Scroll            |     7 |     1 |     1 |    21 |    24 ||    54
       Potion            |       |     4 |     1 |       |     3 ||     8
 Stab: Held in net/web   |       |     1 |       |     1 |       ||     2
       Paralysed         |       |       |       |     1 |       ||     1
       Confused          |       |       |       |       |     1 ||     1
       Invisible         |       |       |       |       |     1 ||     1
  Eat: Chunk             |     2 |    10 |     9 |    20 |    13 ||    54
       Ration            |       |       |     1 |     4 |    11 ||    16
Armor: Leather armour    |     3 |       |       |       |       ||     3
       Ring mail         |    31 |    47 |       |       |       ||    78
       Skin              |       |    12 |       |       |       ||    12
       Fire dragon scale |       |    10 |   107 |   306 |   529 ||   952
Dodge: Dodged            |    56 |    75 |   105 |   290 |   409 ||   935
Block: Buckler           |       |       |       |       |   250 ||   250
       Reflection        |       |       |       |       |     2 ||     2
